 Dungeon Crawl Stone Soup version 0.23.2-40-g277498a001 (webtiles) character file.

Game seed: 13536677249614268432

2712 Chudej the Thaumaturge (level 9, 0/78 HPs)
             Began as a Deep Elf Conjurer on Sept 3, 2019.
             Was a Follower of Sif Muna.
             Slain by Pikel
             ... wielding a +2 whip of freezing
              (1 damage)
             ... on level 8 of the Dungeon on Sept 11, 2019.
             The game lasted 00:17:57 (8324 turns).

Chudej the Thaumaturge (Deep Elf Conjurer)          Turns: 8324, Time: 00:17:58

Health: 0/78       AC: 24    Str:  5    XL:     9   Next: 39%
Magic:  2/26       EV:  2    Int: 24    God:    Sif Muna [*.....]
Gold:   234        SH:  3    Dex: 15    Spells: 16/30 levels left

rFire    . . .     SeeInvis +   (no weapon)
rCold    + . .     Gourm    .   (no shield)
rNeg     + + +     Faith    .   (armour currently unavailable)
rPois    +         Spirit   .   (helmet currently unavailable)
rElec    .         Reflect  +   (cloak currently unavailable)
rCorr    .         Harm     .   (gloves currently unavailable)
MR       .....     NoTele   +   (boots currently unavailable)
Stlth    ++........             r - +3 amulet of reflection
HPRegen  0.23/turn              j - ring of see invisible
MPRegen  0.20/turn              A - ring of protection from cold

@: tree-form, very slightly contaminated, starving, lightly drained
A: no striking features
a: Divine Energy, Renounce Religion


You were on level 8 of the Dungeon.
You worshipped Sif Muna.
Sif Muna was aware of your devotion.
You were starving.
You were a tree.
You visited 2 branches of the dungeon, and saw 9 of its levels.

You collected 234 gold pieces.

Inventory:

Armour
 n - a +0 leather armour (melded)
 p - a +0 cloak (melded)
 q - a +0 pair of boots (melded)
Jewellery
 j - a ring of see invisible (left branch)
 r - a +3 amulet of reflection (around neck)
 A - a ring of protection from cold (right branch)
Wands
 w - a wand of flame (9)
 y - a wand of iceblast (3)
Scrolls
 d - 6 scrolls of remove curse
 g - a scroll of identify
 l - a scroll of blinking {unknown}
 o - 3 scrolls of enchant armour {unknown}
 t - a scroll of random uselessness {unknown}
 u - a scroll of fog {unknown}
Potions
 a - 2 potions of mutation {unknown}
 b - 2 potions of resistance
 f - 2 potions of brilliance
 h - a potion of heal wounds
 i - 3 potions of flight
 k - 2 potions of lignification
 m - a potion of degeneration
 v - 3 potions of cancellation {unknown}
Comestibles
 c - 12 rations


   Skills:
 + Level 4.2(4.0) Fighting
 - Level 2.4(2.1) Dodging
 - Level 2.4(2.1) Stealth
 - Level 11.3(11.0) Spellcasting
 + Level 9.0(8.7) Conjurations
 + Level 4.8(4.5) Hexes


You had 16 spell levels left.
You knew the following spells:

 Your Spells              Type           Power        Failure   Level  Hunger
a - Magic Dart            Conj           ####         1%          1    None
b - Searing Ray           Conj           ######       1%          2    None
c - Dazzling Spray        Conj/Hex       #####.       1%          3    None
d - Iskenderun's Mystic   Conj           ######..     1%          4    None
e - Fulminant Prism       Conj/Hex       #####.....   3%          4    None

Your spell library contained the following spells:

 Spells                   Type           Power        Failure   Level  Hunger
 Confusing Touch          Hex            #####.       1%          1    None
 Confuse                  Hex            #####...     2%          3    None
 Force Lance              Conj/Tloc      ####....     8%          4    None
 Gell's Gravitas          Tloc           ##........   14%         3    None
 Petrify                  Tmut/Erth      ##......     43%         4    None
 Metabolic Englaciation   Hex/Ice        ###.......   45%         5    ####...
 Yara's Violent Unravell  Hex/Tmut       ###.......   45%         5    ####...


Dungeon Overview and Level Annotations

Branches:
Dungeon (8/15)             Temple (1/1) D:7
   Lair: D:8-11

Altars:
Cheibriados
Dithmenos
Elyvilon
Fedhas
Gozag
Kikubaaqudgha
Nemelex Xobeh
Okawaru
Sif Muna
Vehumet
Wu Jian
Xom
Yredelemnul
Zin
The Shining One

Shops:
D:4 [

Annotations:
D:4 Edmund, Grinder
D:8 Pikel


Message History

Pikel is almost dead.
You feel a little less agile now.
You are starving!
Pikel hits you but does no damage.
You hit Pikel but do no damage.
Pikel is almost dead.
Pikel hits you but does no damage.
You hit Pikel.
Pikel is almost dead.
Pikel hits you but does no damage.
You hit Pikel but do no damage.
Pikel is almost dead.
Pikel hits you but does no damage.
Unknown command.
You hit Pikel but do no damage.
Pikel is almost dead.
Pikel hits you with a +2 whip of freezing.
* * * LOW HITPOINT WARNING * * *
Pikel freezes you.
You die... #cz #z# #(# ### ######## #pzppK♣#

#...)#########
#.###.# #...#
##. ...# ..
..####pp###z...
......pKa.zz...
#. #p# ## #.#
#.#


You could see Pikel, 3 slaves and a wight.

Vanquished Creatures
  Harold (D:8)
  A hornet (D:7)
  A hippogriff (D:8)
  A phantom (D:7)
  2 ogres (D:5)
  2 centaurs (D:8)
  The ghost of Meegle the Firebug, an amateur GrFE (D:3)
  2 scorpions
  3 wights (D:8)
  3 crimson imps
  An orc priest (D:6)
  A bullfrog zombie (D:7)
  A jelly (D:5)
  3 hounds
  An orc wizard (D:6)
  Ijyb (D:3)
  A centaur skeleton (D:4)
  5 worker ants
  Natasha (thrice) (D:3)
  An iguana (D:4)
  Robin (D:2)
  6 gnolls
  12 adders
  An ooze (D:3)
  2 adder skeletons
  2 worms
  2 dart slugs (D:2)
  6 leopard geckos
  9 orcs
  11 bats
  2 giant cockroaches
  14 goblins
  15 hobgoblins
  13 jackals
  3 quokkas
  9 frilled lizards
  A jackal skeleton (D:4)
  10 kobolds
  A leopard gecko skeleton (D:6)
  A quokka zombie (D:6)
  11 rats
167 creatures vanquished.

Vanquished Creatures (others)
  3 fulminant prisms
3 creatures vanquished.

Grand Total: 170 creatures vanquished

Notes
Turn   | Place    | Note
-------+----------+-------------------------------------------
     0 | D:1      | Chudej the Deep Elf Conjurer began the quest for the Orb.
     0 | D:1      | Reached XP level 1. HP: 10/10 MP: 6/6
   346 | D:1      | Reached XP level 2. HP: 15/15 MP: 6/8
   350 | D:1      | Learned a level 2 spell: Searing Ray
   579 | D:1      | Reached skill level 4 in Spellcasting
  1067 | D:2      | Found a glowing silver altar of Zin.
  1088 | D:2      | Reached XP level 3. HP: 14/19 MP: 6/10
  1654 | D:2      | Reached skill level 5 in Spellcasting
  1659 | D:2      | Noticed Robin
  1664 | D:2      | Reached skill level 5 in Conjurations
  1844 | D:2      | Reached XP level 4. HP: 20/24 MP: 10/13
  1851 | D:2      | Killed Robin
  2147 | D:2      | Reached skill level 6 in Spellcasting
  2279 | D:2      | Reached XP level 5. HP: 28/28 MP: 12/15
  2299 | D:2      | Learned a level 3 spell: Dazzling Spray
  2304 | D:2      | Learned a level 4 spell: Iskenderun's Mystic Blast
  2762 | D:3      | Noticed Natasha
  2767 | D:3      | Killed Natasha
  3139 | D:3      | Found a runed translucent door.
  3145 | D:3      | Noticed Natasha
  3150 | D:3      | Noticed Meegle's ghost (amateur GrFE)
  3151 | D:3      | Killed Natasha
  3152 | D:3      | Reached skill level 7 in Spellcasting
  3227 | D:3      | Killed Meegle's ghost
  3227 | D:3      | Reached XP level 6. HP: 24/32 MP: 8/18
  3325 | D:3      | You fall through a shaft!
  3763 | D:3      | Noticed Ijyb
  3775 | D:3      | Killed Ijyb
  3775 | D:3      | Reached skill level 8 in Spellcasting
  3995 | D:3      | Noticed Natasha
  3998 | D:3      | Killed Natasha
  4283 | D:4      | Noticed Grinder
  4442 | D:4      | Found Nimunem's Antique Armour Boutique.
  4532 | D:4      | Reached XP level 7. HP: 29/36 MP: 13/21
  4648 | D:4      | Noticed Edmund
  5078 | D:5      | Entered Level 5 of the Dungeon
  5254 | D:5      | Reached skill level 9 in Spellcasting
  5683 | D:5      | Found an iron altar of Okawaru.
  5740 | D:5      | Reached skill level 1 in Fighting
  6095 | D:6      | Reached skill level 10 in Spellcasting
  6101 | D:6      | Reached XP level 8. HP: 43/43 MP: 12/24
  6350 | D:7      | Learned a level 4 spell: Fulminant Prism
  6563 | D:7      | Found a staircase to the Ecumenical Temple.
  6632 | Temple   | Entered the Ecumenical Temple
  6688 | Temple   | Became a worshipper of Sif Muna the Loreminder
  7048 | D:7      | Noticed a hornet
  7060 | D:7      | Killed a hornet
  7294 | D:7      | Reached skill level 11 in Spellcasting
  7900 | D:7      | Found a radiant altar of Vehumet.
  8157 | D:8      | Noticed a hippogriff
  8162 | D:8      | Killed a hippogriff
  8162 | D:8      | Noticed Harold
  8167 | D:8      | Noticed a hippogriff
  8187 | D:8      | Killed Harold
  8187 | D:8      | Reached * piety under Sif Muna
  8187 | D:8      | Reached XP level 9. HP: 52/52 MP: 2/26
  8200 | D:8      | Noticed Pikel
  8284 | D:8      | Found a glowing golden altar of the Shining One.
  8324 | D:8      | HP: 1/78 [Pikel/+2 whip of freezing (4)]
  8324 | D:8      | Slain by Pikel

Skill      XL: |  1  2  3  4  5  6  7  8  9 |
---------------+----------------------------+-----
Spellcasting   | 4 5 6 7 8 10 11 | 11.3
Conjurations   | 5 6 7 8 9 |  9.0
Fighting       | 1 3 4 |  4.2
Hexes          | 3 4 |  4.8
Dodging        | |  2.4
Stealth        | |  2.4

Action                   |  1- 3 |  4- 6 |  7- 9 || total
-------------------------+-------+-------+-------++-------
Melee: Unarmed           |       |       |    42 ||    42
 Cast: Magic Dart        |    81 |   116 |    82 ||   279
       Searing Ray       |     2 |    18 |    29 ||    49
       Iskenderun's Myst |       |     1 |     2 ||     3
       Dazzling Spray    |       |       |     3 ||     3
       Fulminant Prism   |       |       |     3 ||     3
Evoke: Wand              |       |       |     4 ||     4
  Use: Scroll            |       |       |    12 ||    12
       Potion            |       |       |     5 ||     5
  Eat: Chunk             |     3 |     7 |     7 ||    17
       Ration            |       |       |     1 ||     1
Armor: Robe              |     1 |     1 |       ||     2
       Leather armour    |       |     8 |     9 ||    17
       Skin              |       |       |    76 ||    76
Dodge: Dodged            |    11 |    24 |    46 ||    81
Block: Other             |       |       |    12 ||    12
       Reflection        |       |       |     1 ||     1
